 Dungeon Crawl Stone Soup version 0.20-a0-629-gc37eb77 (webtiles) character file.

75251 HEYYEYAAE the Bludgeoner (level 15, -14/135 HPs)
             Began as a Troll Berserker on Feb 10, 2017.
             Was a High Priest of Trog.
             Demolished by Agnes
             ... wielding a +0 lajatang
              (18 damage)
             ... on level 15 of the Dungeon.
             The game lasted 00:48:18 (18984 turns).

HEYYEYAAE the Bludgeoner (Troll Berserker)         Turns: 18984, Time: 00:48:19

Health: -14/135    AC: 19    Str: 34    XL:     15   Next: 9%
Magic:  14/17      EV: 10    Int:  3    God:    Trog [*****.]
Gold:   71         SH:  0    Dex: 13    Spells: 14/14 levels left

rFire    . . .     SeeInvis .   G - +7 morningstar (crush)
rCold    + . .     Gourm    +   Z - +7 acid dragon scales "Woefeg" {rElec rC+ rCorr}
rNeg     . . .     Faith    .   (no shield)
rPois    +         Spirit   .   (helmet restricted)
rElec    +         Reflect  .   o - +0 cloak
rCorr    +         Harm     .   (gloves unavailable)
MR       +....                  (boots unavailable)
Stlth    ++++......             C - amulet of regeneration
Regen    1.2/turn               d - ring of poison resistance
                                e - +4 ring of dexterity

@: exhausted, slowed, very slow
A: unfitting armour, claws 3, fast metabolism 3, gourmand, regeneration 1,
shaggy fur 1, tough skin 2
a: Berserk, Trog's Hand, Brothers in Arms, Burn Spellbooks, Renounce Religion


You were on level 15 of the Dungeon.
You worshipped Trog.
Trog was extremely pleased with you.
You were not hungry.

You visited 4 branches of the dungeon, and saw 20 of its levels.
You also visited: Labyrinth, Ossuary and Ice Cave.

You collected 5700 gold pieces.
You spent 5629 gold pieces at shops.

Inventory:

Hand Weapons
 G - a +7 morningstar of crushing (weapon)
 Q - the +0 morningstar of Leipizos {elec, Str+2 Stlth+}
   (You bought it in a shop on level 2 of the Orcish Mines)

   Occasionally, upon striking a foe, it will discharge some electrical energy
   and cause terrible harm.
   It affects your strength (+2).
   It makes you more stealthy.
 R - a +0 giant spiked club of freezing
 T - a +0 morningstar of protection
 U - a +0 vampiric whip
Missiles
 N - 14 large rocks (quivered)
Armour
 o - a +0 cloak (worn)
 y - a +2 robe of resistance
 S - a +0 troll leather armour
 Z - the +7 acid dragon scales "Woefeg" (worn) {rElec rC+ rCorr}
   (You bought it in a shop on level 7 of the Dungeon)

   It protects you from cold.
   It insulates you from electricity.
   It protects you from acid and corrosion.
Jewellery
 d - a ring of poison resistance (right claw)
 e - a +4 ring of dexterity (left claw)
 n - an uncursed ring of flight
 C - an amulet of regeneration (around neck)
 F - an uncursed ring of protection from cold
 X - the ring of Jimoabae {*Tele rC++}
   (You found it in a labyrinth)

   [ring of teleportation]

   It may teleport you next to monsters.
   It greatly protects you from cold.
Wands
 a - a wand of iceblast (2/15)
 h - a wand of disintegration (15/24)
 m - a wand of digging (7/24)
 B - a wand of digging (5/24)
 K - a wand of lightning (4/15)
 M - a wand of clouds (0/9)
 O - a wand of confusion (1/48)
 V - a wand of polymorph (13/24)
 W - a wand of digging (9/24)
Scrolls
 b - a scroll of silence
 g - 3 scrolls of noise
 k - 5 scrolls of enchant armour
 p - 13 scrolls of remove curse
 q - 8 scrolls of amnesia
 s - 7 scrolls of teleportation
 v - a scroll of torment {unknown}
 D - 3 scrolls of immolation
 E - a scroll of magic mapping
 J - 7 scrolls of fog
 P - 2 scrolls of fear
Potions
 f - 6 potions of curing
 i - 3 potions of agility
 j - 5 potions of heal wounds
 r - 3 potions of mutation
 t - 2 potions of ambrosia
 u - 9 potions of flight
 z - 2 potions of berserk rage
 H - 3 potions of brilliance {unknown}
 I - a potion of lignification {unknown}
 L - 5 potions of might
 Y - a potion of magic {unknown}
Books
 x - the Tome of Destructive Contamination
   (You found it on level 2 of the Lair of Beasts)

   Spells                             Type                      Level
   a - Shock                          Conjuration/Air              1
   b - Magic Dart                     Conjuration                  1
   c - Spider Form                    Transmutation/Poison         3
   d - Sticky Flame                   Conjuration/Fire             4
   e - Lightning Bolt                 Conjuration/Air              5
   f - Bolt of Cold                   Conjuration/Ice              6
   Trog disapproves of the use of such an item.
Comestibles
 c - 13 bread rations
 l - 8 meat rations
 w - 17 fruits
 A - 6 royal jellies


   Skills:
 + Level 5.6 Fighting
 + Level 17.3 Maces & Flails
 + Level 8.4 Armour
 - Level 2.4 Dodging
 + Level 8.4 Stealth
 + Level 5.3 Evocations


You had 14 spell levels left.
You didn't know any spells.

Dungeon Overview and Level Annotations

Branches:
Dungeon (15/15)            Temple (1/1) D:7            Lair (2/6) D:8
    Orc (2/2) D:10            Elf (0/3) Orc:2        Vaults (0/5) D:14
  Swamp: Lair:2-4    Shoals: Lair:2-4     Snake: Lair:2-4    Spider: Lair:2-4
 Depths: D:15

Altars:
Kikubaaqudgha
Makhleb
Nemelex Xobeh
Xom
Beogh

Shops:
D:7 !*([*   D:9 [%!%*[   D:14 *   Orc:2 (*}!

Portals:
Trove: D:11 (give 10 potions of heal wounds)

Annotations:
D:15 Agnes, Urug


Innate Abilities, Weirdness & Mutations

You are too large for most types of armour.
You have claws for hands.
Your metabolism is lightning-fast.
You like to eat raw meat.
Your natural rate of healing is unusually fast.
You are covered in fur. (AC +1)
You have very tough skin. (AC +2)


Message History

You feel yourself slow down.
You see here a royal jelly.
Unknown command.
Okay, then.
As you read the scroll of fear, it crumbles to dust.
You assume a fearsome visage.
Agnes resists with almost no effort.
Urug looks frightened!
Agnes closely misses you. Agnes hits you with a lajatang!
* * * LOW HITPOINT WARNING * * *
You feel much better. Agnes hits you but does no damage.
Agnes says, "The ORB is mine by right."
Agnes hits you with a lajatang!!
* * * LOW HITPOINT WARNING * * *
Unknown command.
Unknown command.
Your ogre goes berserk!
You feel quite a bit more hungry. Agnes hits you with a lajatang!
* * * LOW HITPOINT WARNING * * *
Agnes closely misses you. Agnes hits you with a lajatang!!
You die...

#.# #o# #.#
#.#######
#........ #.#
#.#####
#.######i#...#
.......@...#.#
########O....#
#..#.## #..#.#
#..#.# #..#.##
#.....######.#
#............#
####.#...########


You could see Agnes, Urug (fleeing) and a friendly ogre (berserk).

Vanquished Creatures
  An orc warlord (Orc:2)
  Erolcha (D:11)
  A minotaur (Lab)
  5 hydras
  The ghost of TuxedoFelix the Spear-Bearer, a journeyman HuBe of Trog (Lair:2)
  2 ogre magi (D:14)
  2 centaur warriors
  The ghost of Theaset the Spear-Bearer, a journeyman OpFi of Yredelemnul (D:10)
  The ghost of Soeti the Protected, a journeyman GrFi of Makhleb (Lab)
  A death yak (IceCv)
  12 two-headed ogres
  7 orc high priests (Orc:2)
  4 orc sorcerers (Orc:2)
  3 orc knights (Orc:2)
  7 trolls
  A wolf spider (D:15)
  9 ugly things
  A mana viper (shapeshifter) (D:14)
  2 deep elf magi
  2 slime creatures (D:14)
  A manticore (D:14)
  4 cyclopes
  4 black mambas
  The ghost of kae the Slasher, a novice MiFi of Okawaru (D:5)
  An ice statue (IceCv)
  A spiny frog (Lair:1)
  2 centaur skeletons
  2 komodo dragons (Lair:2)
  A gargoyle (D:11)
  5 kobold demonologists
  An efreet (D:15)
  A tengu conjurer (D:13)
  A minotaur zombie (Lab)
  A hornet (D:7)
  A minotaur skeleton (Lab)
  3 blink frogs (Lair:2)
  8 polar bears (IceCv)
  6 hippogriffs
  The ghost of seren the Gusty, an amateur TeAE (D:4)
  Dowan (D:7)
  2 shadows
  A wyvern (D:10)
  2 redbacks (Lab)
  2 basilisks
  A vampire (D:13)
  37 yaks
  2 wraiths (Ossuary)
  A human (D:7)
  3 hogs (D:7)
  3 hungry ghosts
  3 vampire mosquitoes (D:14)
  Menkaure (D:5)
  5 swamp worms (D:8)
  2 wargs
  2 acid dragons
  3 water moccasins
  6 porcupines
  47 orc warriors
  3 ice beasts
  3 sky beasts
  2 black bears
  5 centaurs
  23 ogres
  3 phantoms
  22 wolves
  2 crocodiles (Lair:1)
  8 big kobolds
  20 bullfrogs
  A gnoll sergeant (D:5)
  2 scorpions
  The ghost of HEYYEYAAE the Cudgeler, a weakling TrBe of Trog (D:3)
  11 killer bees
  15 wights
  3 electric eels (D:8)
  6 crimson imps
  A bullfrog zombie (D:12)
  3 centaur zombies
  A lava snake (Lair:2)
  A quasit (D:8)
  7 jellies
  16 orc wizards
  4 hounds
  33 orc priests
  A bullfrog skeleton (D:4)
  Ijyb (D:3)
  8 iguanas
  13 worker ants
  A worker ant zombie (D:5)
  4 gnolls (D:5)
  A howler monkey skeleton (D:4)
  6 adders
  4 adder zombies (Ossuary)
  An ooze (D:7)
  4 adder skeletons
  14 worms
  3 dart slugs
  8 leopard geckos
  123 orcs
  8 bats
  2 bat zombies (D:5)
  3 giant cockroaches
  7 goblins
  5 hobgoblins
  4 jackals (D:2)
  6 quokkas
  3 ball pythons
  4 frilled lizards
  A hobgoblin skeleton (Ossuary)
  2 hobgoblin zombies (Ossuary)
  20 kobolds
  A kobold zombie (Ossuary)
  2 orc zombies (Ossuary)
  A quokka skeleton (D:5)
  2 quokka zombies
  5 rats
  3 rat zombies (D:5)
  2 plants (D:8)
702 creatures vanquished.

Vanquished Creatures (collateral kills)
  A frost giant (IceCv)
  A fire dragon (D:12)
  4 two-headed ogres
  A centaur warrior (D:14)
  2 ugly things (D:14)
  A rime drake (IceCv)
  An efreet (D:14)
  5 polar bears (IceCv)
  2 slime creatures (D:14)
  A hippogriff (D:14)
  4 yaks
  3 swamp worms (D:8)
  2 orc warriors
  3 wolves (D:8)
  3 centaurs (D:14)
  A killer bee (D:11)
  3 electric eels
  2 hounds (D:8)
  A worker ant (D:12)
  2 worker ant zombies
  2 orcs
  A quokka zombie (D:8)
46 creatures vanquished.

Vanquished Creatures (others)
  A polar bear (IceCv)
  5 dream sheep (D:6)
  A hog (D:7)
  Duvessa (D:7)
  A wolf (IceCv)
9 creatures vanquished.

Grand Total: 757 creatures vanquished

Notes
Turn   | Place    | Note
-------+----------+-------------------------------------------
     0 | D:1      | HEYYEYAAE the Troll Berserker began the quest for the Orb.
     0 | D:1      | Reached XP level 1. HP: 22/22 MP: 0/0
   119 | D:1      | Reached skill level 3 in Maces & Flails
   185 | D:1      | Reached XP level 2. HP: 29/29 MP: 1/1
   766 | D:2      | Reached XP level 3. HP: 35/36 MP: 2/2
   886 | D:2      | Reached ** piety under Trog
   921 | D:2      | Reached skill level 4 in Maces & Flails
   925 | D:2      | Reached skill level 1 in Stealth
  1309 | D:3      | Reached XP level 4. HP: 37/44 MP: 3/3
  1360 | D:3      | Noticed Ijyb
  1374 | D:3      | Killed Ijyb
  1572 | D:3      | Reached XP level 5. HP: 34/50 MP: 4/4
  1664 | D:3      | Noticed HEYYEYAAE's ghost (weakling TrBe)
  1673 | D:3      | Killed HEYYEYAAE's ghost
  1673 | D:3      | Reached skill level 5 in Maces & Flails
  2047 | D:4      | Reached XP level 6. HP: 59/59 MP: 5/5
  2194 | D:4      | Noticed seren's ghost (amateur TeAE)
  2203 | D:4      | Killed seren's ghost
  2274 | D:4      | Got a bloodstained rapier
  2277 | D:4      | Identified the +5 rapier of Arrival {pierce, *Rage +Blink rC+ Str+7} (You found it on level 4 of the Dungeon)
  2353 | D:4      | Reached skill level 6 in Maces & Flails
  2399 | D:4      | Reached XP level 7. HP: 66/66 MP: 6/6
  2460 | D:4      | Reached *** piety under Trog
  2736 | D:5      | Entered Level 5 of the Dungeon
  2762 | D:5      | Noticed Menkaure
  2770 | D:5      | Killed Menkaure
  2770 | D:5      | Reached skill level 7 in Maces & Flails
  2874 | D:5      | Found an ancient bone altar of Kikubaaqudgha.
  2955 | D:5      | Found a sparkling altar of Nemelex Xobeh.
  2993 | D:5      | Reached XP level 8. HP: 74/74 MP: 7/7
  3123 | D:5      | Noticed kae's ghost (novice MiFi)
  3137 | D:5      | Killed kae's ghost
  3137 | D:5      | Reached skill level 8 in Maces & Flails
  3663 | D:6      | Found a shimmering altar of Xom.
  3663 | D:6      | Noticed a dream sheep
  3663 | D:6      | Noticed a dream sheep
  3663 | D:6      | Noticed a dream sheep
  3663 | D:6      | Noticed a dream sheep
  3663 | D:6      | Noticed a dream sheep
  3668 | D:6      | Killed a dream sheep
  3668 | D:6      | Killed a dream sheep
  3668 | D:6      | Killed a dream sheep
  3668 | D:6      | Killed a dream sheep
  3669 | D:6      | Killed a dream sheep
  4195 | D:7      | Found a sand-covered staircase.
  4203 | Ossuary  | Entered an ossuary
  4298 | Ossuary  | Noticed a flying skull
  4307 | Ossuary  | Noticed a flying skull
  4309 | Ossuary  | Noticed a flying skull
  4344 | Ossuary  | Reached **** piety under Trog
  4344 | Ossuary  | Reached skill level 9 in Maces & Flails
  4382 | Ossuary  | Reached XP level 9. HP: 51/80 MP: 8/8
  4619 | D:7      | Found Umiplig's Distillery.
  4640 | D:7      | Bought a potion of haste for 140 gold pieces
  4665 | D:7      | Found Xuqon Lips's General Store.
  4668 | D:7      | Bought a scroll of identify for 28 gold pieces
  4709 | D:7      | Found Heqis's Weapon Shoppe.
  4782 | D:7      | Reached skill level 1 in Evocations
  4803 | D:7      | Reached skill level 10 in Maces & Flails
  4917 | D:7      | Found a sparkling altar of Nemelex Xobeh.
  5243 | D:7      | Found Bejo Leo's Assorted Antiques.
  5273 | D:7      | Noticed Duvessa
  5275 | D:7      | Noticed Dowan
  5291 | D:7      | Your ally died
  5295 | D:7      | Killed Dowan
  5372 | D:7      | Found a staircase to the Ecumenical Temple.
  5418 | D:7      | Found Pocuzil's Antique Armour Shop.
  5535 | Temple   | Entered the Ecumenical Temple
  5600 | D:8      | Noticed a troll
  5615 | D:8      | Noticed a two-headed ogre
  5621 | D:8      | Reached XP level 10. HP: 46/88 MP: 11/11
  5639 | D:8      | Killed a two-headed ogre
  5639 | D:8      | Reached skill level 5 in Stealth
  5673 | D:8      | Killed a troll
  5673 | D:8      | Reached skill level 11 in Maces & Flails
  5975 | D:8      | Found a staircase to the Lair.
  6061 | D:8      | Reached skill level 1 in Armour
  6066 | D:8      | Reached ***** piety under Trog
  6191 | D:8      | HP: 5/132 [swamp worm (14)]
  6204 | D:8      | HP: 3/88 [swamp worm (19)]
  6926 | D:9      | Found Hagat's Distillery.
  6962 | D:9      | Found Fetwoh's General Store.
  6982 | D:9      | Bought a potion of heal wounds for 70 gold pieces
  7177 | D:9      | Noticed a two-headed ogre
  7234 | D:9      | Reached skill level 12 in Maces & Flails
  7237 | D:9      | Reached XP level 11. HP: 52/94 MP: 12/12
  7369 | D:9      | Found Orchurph's Armour Boutique.
  7455 | D:9      | Found Xesavyru's Food Boutique.
  7511 | D:9      | Killed a two-headed ogre
  7512 | D:9      | Found Duciykoi's Food Boutique.
  7553 | D:9      | Found Aggoh's Antique Armour Shoppe.
  7657 | D:10     | Entered Level 10 of the Dungeon
  7708 | D:10     | Noticed a two-headed ogre
  7724 | D:10     | Killed a two-headed ogre
  7755 | D:10     | Noticed Theaset's ghost (journeyman OpFi)
  7808 | D:10     | Killed Theaset's ghost
  8111 | D:10     | Found a burning altar of Makhleb.
  8163 | D:10     | Noticed a two-headed ogre
  8175 | D:10     | Killed a two-headed ogre
  8175 | D:10     | Reached skill level 13 in Maces & Flails
  8454 | D:10     | Found a staircase to the Orcish Mines.
  8485 | D:11     | Noticed Erolcha
  8564 | D:11     | Found a portal to a secret trove of treasure.
  8687 | D:11     | Paralysed by Erolcha for 2 turns
  8698 | D:11     | Killed Erolcha
  8698 | D:11     | Reached skill level 5 in Armour
  8706 | D:11     | Found a burning altar of Makhleb.
  8715 | D:11     | Reached XP level 12. HP: 67/104 MP: 13/13
  8824 | D:11     | Noticed a two-headed ogre
  8832 | D:11     | Killed a two-headed ogre
  8912 | D:11     | Noticed a five-headed hydra
  8951 | D:11     | Killed a five-headed hydra
  9307 | D:12     | Received a gift from Trog
  9745 | D:12     | Noticed a seven-headed hydra
  9756 | D:12     | Killed a seven-headed hydra
  9756 | D:12     | Reached skill level 14 in Maces & Flails
  9921 | D:12     | Noticed a two-headed ogre
  9936 | D:12     | Killed a two-headed ogre
  9988 | D:12     | Noticed a fire dragon
 10003 | D:12     | Killed a fire dragon
 10290 | D:13     | Noticed a two-headed ogre
 10295 | D:13     | Killed a two-headed ogre
 10452 | D:13     | Noticed an eight-headed hydra
 10462 | D:13     | Killed an eight-headed hydra
 10647 | D:13     | Noticed a six-headed hydra
 10654 | D:13     | Killed a six-headed hydra
 11341 | D:14     | Found Ceoxuto's General Store.
 11395 | D:14     | Noticed a two-headed ogre
 11407 | D:14     | Noticed an ogre mage
 11412 | D:14     | Noticed a two-headed ogre
 11415 | D:14     | Killed an ogre mage
 11419 | D:14     | Killed a two-headed ogre
 11419 | D:14     | Reached XP level 13. HP: 84/110 MP: 14/14
 11426 | D:14     | Reached skill level 15 in Maces & Flails
 11452 | D:14     | Found a gate to the Vaults.
 11499 | D:14     | Found a labyrinth entrance.
 11508 | Lab      | Entered a labyrinth
 11600 | Lab      | Noticed Soeti's ghost (journeyman GrFi)
 11625 | Lab      | Killed Soeti's ghost
 11783 | Lab      | Noticed a minotaur
 11795 | Lab      | Killed a minotaur
 11806 | Lab      | Got a faintly glowing tin ring
 11811 | Lab      | Identified the ring of Jimoabae {*Tele rC++} (You found it in a labyrinth)
 11984 | D:14     | Reached skill level 16 in Maces & Flails
 12108 | D:14     | Bought a scroll of identify for 28 gold pieces
 12108 | D:14     | Bought a scroll of identify for 28 gold pieces
 12644 | Lair:1   | Entered Level 1 of the Lair of Beasts
 12645 | Lair:1   | Found a frozen archway.
 12652 | IceCv    | Entered an ice cave
 13100 | IceCv    | Reached XP level 14. HP: 36/120 MP: 15/15
 13215 | IceCv    | Noticed a frost giant
 13237 | IceCv    | Killed a frost giant
 14388 | Lair:2   | Reached skill level 17 in Maces & Flails
 14504 | Lair:2   | Received a gift from Trog
 14533 | Lair:2   | Noticed TuxedoFelix's ghost (journeyman HuBe)
 14547 | Lair:2   | Killed TuxedoFelix's ghost
 14651 | Lair:2   | Identified the Tome of Destructive Contamination
 14782 | Lair:2   | Identified a scroll of acquirement
 15242 | D:7      | Bought encrusted pearl dragon scales for 3415 gold pieces
 15253 | D:7      | Identified the cursed +1 pearl dragon scales of Insecurity {rC+ rN+ MP+9 Dex-4} (You bought it in a shop on level 7 of the Dungeon)
 15384 | Orc:1    | Entered Level 1 of the Orcish Mines
 15592 | Orc:2    | Entered Level 2 of the Orcish Mines
 15768 | D:7      | Bought crude acid dragon scales for 1485 gold pieces
 15783 | D:7      | Identified the +7 acid dragon scales "Woefeg" {rElec rC+ rCorr} (You bought it in a shop on level 7 of the Dungeon)
 16474 | Orc:2    | Found a roughly hewn altar of Beogh.
 16523 | Orc:2    | Paralysed by an orc sorcerer for 7 turns
 16619 | Orc:2    | Found Apuottiz's Distillery.
 16630 | Orc:2    | Bought a potion of heal wounds for 55 gold pieces
 16638 | Orc:2    | Found Lana's Gadget Shoppe.
 16981 | Orc:2    | Found a staircase to the Elven Halls.
 17025 | Orc:2    | Reached skill level 5 in Fighting
 17067 | Orc:2    | Found Kaop Sanamo's Assorted Antiques.
 17119 | Orc:2    | Bought 2 potions of heal wounds for 200 gold pieces
 17143 | Orc:2    | Noticed an orc warlord
 17279 | Orc:2    | Killed an orc warlord
 17438 | Orc:2    | Found a roughly hewn altar of Beogh.
 17582 | Orc:2    | Found Goytosed's Weapon Emporium.
 17632 | Orc:2    | Received a gift from Trog
 17886 | Orc:2    | Reached skill level 5 in Evocations
 17947 | Orc:1    | Reached ****** piety under Trog
 18148 | Orc:2    | Bought a smoking morningstar for 180 gold pieces
 18149 | Orc:2    | Identified the cursed +0 morningstar of Leipizos {elec, Str+2 Stlth+} (You bought it in a shop on level 2 of the Orcish Mines)
 18575 | D:14     | Reached XP level 15. HP: 102/133 MP: 17/17
 18733 | D:15     | Entered Level 15 of the Dungeon
 18959 | D:15     | Noticed Agnes
 18966 | D:15     | Noticed Urug
 18984 | D:15     | HP: 4/135 [Agnes/lajatang (13)]
 18984 | D:15     | Demolished by Agnes

Vault maps used:
D:1:      minmay_arrival_loop, corexii_leaking_fountain
D:2:      first_bread
D:3:      uniq_iyjb
D:4:      chequers_temple_overflow_statue_of_worship
D:5:      lemuel_zombie_altar_kikubaaqudgha, nemelex_xobeh_ov_fountains_minmay,
          uniq_menkaure
D:6:      kb_xom_exploding_sheep
D:7:      minmay_temple_entry_junction, nicolae_ossuary_entry_ruins,
          serial_shops, kennysheep_mini_moat, kennysheep_mini, shop,
          nicolae_shop_stone, shop, grunt_livestock,
          nemelex_lonely_heart_becter, uniq_duvessa
D:8:      erik_lair_island, minivault_26, worms_lemuel
D:9:      serial_shops, nicolae_shop_trees, shop, shop_fountains, shop,
          nicolae_shop_behind_doors, kennysheep_windowed_goal
D:10:     hiddenorc1_lemuel, basic_altar, kennysheep_small_spiral
D:11:     basic_altar, enter_trove_2, uniq_erolcha
D:12:     dragon1_lemuel, patterned_corridor
D:13:     grunt_ministairs_10
D:14:     david_vaults_2, grunt_decor_cap, serial_shops, shop, lab_entry_generic
D:15:     grunt_enter_depths_snipers, nicolae_elemental_shop, uniq_agnes,
          uniq_urug
Temple:   compressed_dpeg_circular_temple
Lair:1:   portal_ice_cave_entry_pillars_1, lemuel_fruit_fields
Lair:2:   cheibrodos_lair_reptile_den, grunt_megastairs_5
Orc:2:    pubby_orc_utopia
Lab:      labyrinth_hidden_loot, nicolae_lab_swirl, nicolae_lab_grate,
          nicolae_lab_dead_end, nicolae_lab_stuck, labyrinth_lava_lair,
          nicolae_lab_very_dead_end, labyrinth_skeletal_remains,
          labyrinth_fake_exit, lab_statue, labyrinth_glass_1,
          nicolae_lab_t_cross, lab_block, nicolae_lab_plus,
          nicolae_lab_flowing_pool, nicolae_lab_blocks, nicolae_lab_hexagon,
          nicolae_lab_lava, nicolae_lab_garden
Ossuary:  ossuary_due_cavern
IceCv:    ice_cave_caverns_02

Skill      XL: |  1  2  3  4  5  6  7  8  9 10 11 12 13 14 |
---------------+-------------------------------------------+-----
Maces & Flails | 3 4 5 6 7 9 10 12 13 14 16 17 | 17.3
Stealth        | 1 2 3 4 5 6 7 8 |  8.4
Evocations     | 2 3 5 |  5.3
Armour         | 3 5 6 8 |  8.4
Fighting       | 3 5 |  5.6
Dodging        | |  2.4

Action                   |  1- 3 |  4- 6 |  7- 9 | 10-12 | 13-15 || total
-------------------------+-------+-------+-------+-------+-------++-------
Melee: Mace              |   105 |    20 |       |       |       ||   125
       War axe           |       |    65 |       |       |       ||    65
       Rapier            |       |    11 |    14 |       |       ||    25
       Morningstar       |       |       |   209 |   584 |  1028 ||  1821
Invok: Berserk           |       |     4 |     4 |    22 |    26 ||    56
       Trog's Hand       |       |     1 |       |     6 |     7 ||    14
       Brothers in Arms  |       |       |       |     7 |     8 ||    15
Evoke: Wand              |       |       |     5 |    38 |    10 ||    53
  Use: Scroll            |       |       |    14 |    14 |    16 ||    44
       Potion            |       |       |       |     9 |     9 ||    18
 Stab: Sleeping          |     2 |     3 |    12 |     8 |    17 ||    42
       Distracted        |     1 |       |     1 |       |     2 ||     4
       Confused          |       |       |       |     5 |     2 ||     7
       Invisible         |       |       |       |       |     2 ||     2
  Eat: Chunk             |    14 |    13 |    38 |    75 |    89 ||   229
       Fruit             |       |       |       |     2 |     5 ||     7
       Royal jelly       |       |       |       |       |     6 ||     6
Armor: Animal skin       |    53 |    27 |       |       |       ||    80
       Robe              |       |     7 |    59 |    10 |    41 ||   117
       Troll leather arm |       |       |       |   213 |    79 ||   292
       Acid dragon scale |       |       |       |       |   240 ||   240
       Pearl dragon scal |       |       |       |       |    19 ||    19
Dodge: Dodged            |    57 |    63 |    91 |   315 |   398 ||   924
